IL
SALT LAKE BEES @ BUFFALO BISONS
07/30/2044
 
TOP OF THE 1ST
Salt Lake Bees batting - Pitching for Buffalo Bisons : LHP Steve Taylor
Pitching: LHP Steve Taylor
Batting: RHB Mike Harkins 0-0: Foul Ball, location: 2F
0-1: Fly out, F9 (Flyball, 89M, EV 82.5 MPH)
Batting: RHB Justin Lauderdale 0-0: Called Strike
0-1: Ball
1-1: SINGLE (Groundball, 6MD, EV 110.6 MPH)
Batting: RHB Andres Mendiola 0-0: Ball
1-0: Called Strike
1-1: Swinging Strike
1-2: Ball
Justin Lauderdale steals 2nd base
2-2: Strikes out swinging
Batting: LHB Matt Patnaude 0-0: Ball
1-0: Ball
2-0: Foul Ball, location: 2F
2-1: Called Strike
2-2: Foul Ball, location: 2F
2-2: Strikes out looking
Top of the 1st over - 0 runs, 1 hit, 0 errors, 1 left on base; Salt Lake 0 - Buffalo 0
BOTTOM OF THE 1ST
Buffalo Bisons batting - Pitching for Salt Lake Bees : RHP Jared Pollard
Pitching: RHP Jared Pollard
Batting: RHB Danny Burnside 0-0: SINGLE (Groundball, 4D, EV 103.1 MPH)
Batting: LHB Josh Stuck 0-0: Ball
Danny Burnside is caught stealing 2nd base 2-6
1-0: SINGLE (Groundball, 34D, EV 100.0 MPH)
Batting: LHB Michael Byrd 0-0: SINGLE (Groundball, 4S, EV 70.0 MPH) (infield hit)
Josh Stuck to second
Batting: RHB Ryan Kinkead 0-0: Ball
1-0: Foul Ball, location: 2F
1-1: Fly out, F3 (Flyball, 3D, EV 88.8 MPH)
Batting: LHB Yoshinari Nara 0-0: Called Strike
0-1: Foul Ball, location: 2F
0-2: Ball
1-2: Strikes out swinging
Bottom of the 1st over - 0 runs, 3 hits, 0 errors, 2 left on base; Salt Lake 0 - Buffalo 0
TOP OF THE 2ND
Salt Lake Bees batting - Pitching for Buffalo Bisons : LHP Steve Taylor
Batting: RHB Reginald McDougall 0-0: Called Strike
0-1: Foul Ball, location: 2F
0-2: Foul Ball, location: 2F
0-2: Foul Ball, location: 2F
0-2: Ball
1-2: Ball
2-2: Ground out 6-3 (Groundball, 6, EV 91.9 MPH)
Batting: RHB Guillermo Mojica 0-0: Ground out 5-3 (Groundball, 56S, EV 73.1 MPH)
Batting: SHB Ivan Barry 0-0: Ground out 4-3 (Groundball, 4MS, EV 83.8 MPH)
Top of the 2nd over - 0 runs, 0 hits, 0 errors, 0 left on base; Salt Lake 0 - Buffalo 0
BOTTOM OF THE 2ND
Buffalo Bisons batting - Pitching for Salt Lake Bees : RHP Jared Pollard
Batting: RHB Alex Ramos 0-0: Ball
1-0: Called Strike
1-1: Foul Ball, location: 2F
1-2: Ball
2-2: Ball
3-2: SINGLE (Groundball, 6MD, EV 95.6 MPH)
Batting: LHB Tso-lin Fen 0-0: Called Strike
0-1: Ball
1-1: Called Strike
Alex Ramos steals 2nd base
1-2: Ball
2-2: Ground out 4-3 (Groundball, 34, EV 88.8 MPH)
Alex Ramos to third
Batting: RHB John Loving 0-0: Ball
1-0: Called Strike
1-1: Foul Ball, location: 2F
1-2: Ball
2-2: Reached on error, E5 (Groundball, 56, EV 103.8 MPH)
Alex Ramos scores
Batting: RHB Mike Strey 0-0: Called Strike
0-1: Called Strike
0-2: Ball
1-2: Ball
Wild Pitch!
John Loving to second
2-2: Ball
3-2: Ground out 6-3 (Groundball, 6M, EV 83.1 MPH)
John Loving to third
Batting: RHB Danny Burnside 0-0: Called Strike
0-1: Ball
1-1: Swinging Strike
1-2: Ball
2-2: Ball
3-2: Base on Balls
Batting: LHB Josh Stuck 0-0: Ground out 1-3 (Groundball, 15S, EV 69.4 MPH)
Bottom of the 2nd over - 1 run, 1 hit, 1 error, 2 left on base; Salt Lake 0 - Buffalo 1
TOP OF THE 3RD
Salt Lake Bees batting - Pitching for Buffalo Bisons : LHP Steve Taylor
Batting: RHB Ryan Marler 0-0: Ball
1-0: Ball
2-0: Fly out, F3 (Popup, 3F, EV 58.8 MPH)
Batting: SHB Brendan Bundy 0-0: Called Strike
0-1: Foul Ball, location: 2F
0-2: Ball
1-2: Ball
2-2: Foul Ball, location: 2F
2-2: Strikes out swinging
Batting: RHB Mike Harkins 0-0: Swinging Strike
0-1: Ball
1-1: Foul Ball, location: 2F
1-2: Foul Ball, location: 2F
1-2: Foul Ball, location: 2F
1-2: Fly out, F7 (Flyball, 78S, EV 77.5 MPH)
Top of the 3rd over - 0 runs, 0 hits, 0 errors, 0 left on base; Salt Lake 0 - Buffalo 1
BOTTOM OF THE 3RD
Buffalo Bisons batting - Pitching for Salt Lake Bees : RHP Jared Pollard
Batting: LHB Michael Byrd 0-0: Ball
1-0: Ground out U3 (Groundball, 3L, EV 93.1 MPH)
Batting: RHB Ryan Kinkead 0-0: Called Strike
0-1: Ground out 4-3 (Groundball, 4, EV 105.6 MPH)
Batting: LHB Yoshinari Nara 0-0: Ball
1-0: Ball
2-0: Ball
3-0: Base on Balls
Batting: RHB Alex Ramos 0-0: Called Strike
Yoshinari Nara steals 2nd, throwing error, E2
Yoshinari Nara to third
0-1: Called Strike
0-2: Ball
1-2: Ball
2-2: Foul Ball, location: 2F
2-2: SINGLE (Line Drive, 8LS, EV 108.8 MPH)
Yoshinari Nara scores
Batting: LHB Tso-lin Fen 0-0: Ball
1-0: Called Strike
Alex Ramos steals 2nd base (no throw)
1-1: Ground out U3 (Groundball, 3S, EV 80.6 MPH)
Bottom of the 3rd over - 1 run, 1 hit, 1 error, 1 left on base; Salt Lake 0 - Buffalo 2
TOP OF THE 4TH
Salt Lake Bees batting - Pitching for Buffalo Bisons : LHP Steve Taylor
Batting: RHB Justin Lauderdale 0-0: Called Strike
0-1: Ball
1-1: Called Strike
1-2: Strikes out looking
Batting: RHB Andres Mendiola 0-0: Fly out, F9 (Flyball, 89S, EV 87.5 MPH)
Batting: LHB Matt Patnaude 0-0: Swinging Strike
0-1: Called Strike
0-2: Foul Ball, location: 2F
0-2: Ball
1-2: DOUBLE (Flyball, 8RXD, EV 96.9 MPH)
Batting: RHB Reginald McDougall 0-0: Called Strike
0-1: Ball
1-1: Ball
2-1: Swinging Strike
2-2: Strikes out swinging
Top of the 4th over - 0 runs, 1 hit, 0 errors, 1 left on base; Salt Lake 0 - Buffalo 2
BOTTOM OF THE 4TH
Buffalo Bisons batting - Pitching for Salt Lake Bees : RHP Jared Pollard
Batting: RHB John Loving 0-0: Swinging Strike
0-1: Called Strike
0-2: Strikes out swinging
Batting: RHB Mike Strey 0-0: DOUBLE (Groundball, 3L, EV 110.0 MPH)
Batting: RHB Danny Burnside 0-0: Foul Ball, location: 2F
0-1: Ball
1-1: Ball
2-1: SINGLE (Flyball, 34D, EV 90.6 MPH)
Mike Strey to third
Batting: LHB Josh Stuck 0-0: Fielders Choice at 2nd, 4-6 (Groundball, 4, EV 90.0 MPH)
Mike Strey scores
Batting: LHB Michael Byrd 0-0: Ball
1-0: Called Strike
1-1: Called Strike
1-2: Ball
2-2: Foul Ball, location: 2F
2-2: Ball
3-2: Foul Ball, location: 2F
3-2: Fly out, F6 (Line Drive, 6, EV 73.1 MPH)
Bottom of the 4th over - 1 run, 2 hits, 0 errors, 1 left on base; Salt Lake 0 - Buffalo 3
TOP OF THE 5TH
Salt Lake Bees batting - Pitching for Buffalo Bisons : LHP Steve Taylor
Batting: RHB Guillermo Mojica 0-0: Called Strike
0-1: Ball
1-1: Called Strike
1-2: Foul Ball, location: 2F
1-2: Foul Ball, location: 2F
1-2: Ball
2-2: Foul Ball, location: 2F
2-2: Ball
3-2: Base on Balls
Batting: SHB Ivan Barry 0-0: Ball
1-0: Called Strike
1-1: Ball
2-1: Foul Ball, location: 2F
2-2: Strikes out looking
Batting: RHB Ryan Marler 0-0: Ball
1-0: Called Strike
1-1: Called Strike
1-2: Foul Ball, location: 2F
1-2: Ball
2-2: Foul Ball, location: 2F
2-2: Ball
Guillermo Mojica steals 2nd base
3-2: Foul Ball, location: 2F
3-2: Strikes out looking
Batting: SHB Brendan Bundy 0-0: Ball
1-0: Ball
2-0: Ball
3-0: Called Strike
3-1: Foul Ball, location: 2F
3-2: Strikes out looking
Top of the 5th over - 0 runs, 0 hits, 0 errors, 1 left on base; Salt Lake 0 - Buffalo 3
BOTTOM OF THE 5TH
Buffalo Bisons batting - Pitching for Salt Lake Bees : RHP Jared Pollard
Pitching: LHP Brennan Duncan
Batting: RHB Ryan Kinkead 0-0: Ball
1-0: Foul Ball, location: 2F
1-1: Fly out, F9 (Flyball, 9S, EV 90.0 MPH)
Batting: LHB Yoshinari Nara 0-0: Ball
1-0: Ball
2-0: Fly out, F9 (Flyball, 9, EV 87.5 MPH)
Batting: RHB Alex Ramos 0-0: Called Strike
0-1: SINGLE (Flyball, 4D, EV 91.9 MPH)
Batting: RHB Fraco Munoz 0-0: Ball
1-0: Called Strike
1-1: Ball
Alex Ramos steals 2nd base
2-1: Ball
3-1: Fly out, F4 (Line Drive, 4, EV 61.2 MPH)
Bottom of the 5th over - 0 runs, 1 hit, 0 errors, 1 left on base; Salt Lake 0 - Buffalo 3
TOP OF THE 6TH
Salt Lake Bees batting - Pitching for Buffalo Bisons : LHP Steve Taylor
Batting: RHB Mike Harkins 0-0: Fly out, F8 (Flyball, 8LM, EV 83.8 MPH)
Batting: RHB Justin Lauderdale 0-0: Ball
1-0: Ground out U3 (Groundball, 34, EV 91.2 MPH)
Batting: RHB Andres Mendiola 0-0: Foul Ball, location: 2F
0-1: Swinging Strike
0-2: Ball
1-2: Strikes out swinging
Top of the 6th over - 0 runs, 0 hits, 0 errors, 0 left on base; Salt Lake 0 - Buffalo 3
BOTTOM OF THE 6TH
Buffalo Bisons batting - Pitching for Salt Lake Bees : LHP Brennan Duncan
Batting: RHB John Loving 0-0: Ball
1-0: Ball
2-0: SINGLE (Groundball, 56D, EV 96.2 MPH)
Batting: RHB Mike Strey 0-0: Ball
1-0: Ball
2-0: Ball
3-0: Called Strike
3-1: Called Strike
3-2: Fly out, F3 (Line Drive, 3, EV 65.6 MPH)
Lined into DP, U3 (Line Drive, 3, EV 67.5 MPH)
Batting: RHB Danny Burnside 0-0: Foul Ball, location: 2F
0-1: Foul Ball, location: 2F
0-2: Ball
1-2: Ball
2-2: Foul Ball, location: 2F
2-2: Foul Ball, location: 2F
2-2: Ball
3-2: Fly out, F9 (Flyball, 9LS, EV 90.0 MPH)
Bottom of the 6th over - 0 runs, 1 hit, 0 errors, 0 left on base; Salt Lake 0 - Buffalo 3
TOP OF THE 7TH
Salt Lake Bees batting - Pitching for Buffalo Bisons : LHP Steve Taylor
Batting: LHB Matt Patnaude 0-0: Ball
1-0: Foul Ball, location: 2F
1-1: Ball
2-1: Foul Ball, location: 2F
2-2: Foul Ball, location: 2F
2-2: Ground out 4-3 (Groundball, 4, EV 83.1 MPH)
Batting: RHB Reginald McDougall 0-0: Ball
1-0: Ball
2-0: Ball
3-0: Base on Balls
Pitching: RHP Gilberto Dominguez
Batting: RHB Guillermo Mojica 0-0: Ball
Reginald McDougall steals 2nd base
1-0: Foul Ball, location: 2F
1-1: Called Strike
1-2: Ball
2-2: Ground out 4-3 (Groundball, 4, EV 91.2 MPH)
Reginald McDougall to third
Batting: SHB Ivan Barry 0-0: Ball
1-0: Called Strike
1-1: Foul Ball, location: 2F
1-2: Ball
2-2: Foul Ball, location: 2F
2-2: Strikes out swinging
Top of the 7th over - 0 runs, 0 hits, 0 errors, 1 left on base; Salt Lake 0 - Buffalo 3
BOTTOM OF THE 7TH
Buffalo Bisons batting - Pitching for Salt Lake Bees : LHP Brennan Duncan
Pitching: RHP Kirk Thacker
Batting: LHB Josh Stuck 0-0: Swinging Strike
0-1: Foul Ball, location: 2F
0-2: Ball
1-2: Strikes out swinging
Batting: LHB Michael Byrd 0-0: Called Strike
0-1: Ball
1-1: Ball
2-1: Fly out, F9 (Flyball, 9, EV 86.9 MPH)
Batting: RHB Ryan Kinkead 0-0: Ball
1-0: Ball
2-0: Foul Ball, location: 2F
2-1: Ball
3-1: Ground out 6-3 (Groundball, 6M, EV 86.9 MPH)
Bottom of the 7th over - 0 runs, 0 hits, 0 errors, 0 left on base; Salt Lake 0 - Buffalo 3
TOP OF THE 8TH
Salt Lake Bees batting - Pitching for Buffalo Bisons : RHP Gilberto Dominguez
Pitching: RHP Chase Schlong
Batting: RHB Ryan Marler 0-0: Swinging Strike
0-1: Foul Ball, location: 2F
0-2: Ball
1-2: Fly out, F4 (Flyball, 4D, EV 88.8 MPH)
Batting: SHB Brendan Bundy 0-0: Ball
1-0: Called Strike
1-1: Swinging Strike
1-2: Strikes out swinging
Batting: RHB Mike Harkins 0-0: Ball
1-0: Ball
2-0: Ball
3-0: Base on Balls
Batting: RHB Justin Lauderdale 0-0: Fly out, F4 (Popup, 34D, EV 61.9 MPH)
Top of the 8th over - 0 runs, 0 hits, 0 errors, 1 left on base; Salt Lake 0 - Buffalo 3
BOTTOM OF THE 8TH
Buffalo Bisons batting - Pitching for Salt Lake Bees : RHP Kirk Thacker
Pitching: LHP Pete Zamarron
Batting: LHB Yoshinari Nara 0-0: Ball
1-0: Swinging Strike
1-1: Swinging Strike
1-2: Ball
2-2: Foul Ball, location: 2F
2-2: Ball
3-2: SINGLE (Line Drive, 6M, EV 98.8 MPH)
Batting: RHB Alex Ramos 0-0: Called Strike
0-1: Grounds into double play, 6-4-3 (Groundball, 6, EV 83.1 MPH)
Batting: RHB Fraco Munoz 0-0: Swinging Strike
0-1: Called Strike
0-2: Ball
1-2: Foul Ball, location: 2F
1-2: Ball
2-2: Ball
3-2: Foul Ball, location: 2F
3-2: Fly out, F3 (Popup, 23F, EV 83.8 MPH)
Bottom of the 8th over - 0 runs, 1 hit, 0 errors, 0 left on base; Salt Lake 0 - Buffalo 3
TOP OF THE 9TH
Salt Lake Bees batting - Pitching for Buffalo Bisons : RHP Chase Schlong
Pitching: RHP Junpei Yamazaki
Batting: RHB Andres Mendiola 0-0: Foul Ball, location: 2F
0-1: Fly out, F9 (Flyball, 9, EV 86.9 MPH)
Batting: LHB Matt Patnaude 0-0: Foul Ball, location: 2F
0-1: SINGLE (Flyball, 5D, EV 88.8 MPH)
Batting: RHB Reginald McDougall 0-0: Called Strike
0-1: Called Strike
0-2: Foul Ball, location: 2F
0-2: Strikes out looking
Pinch Hitting: LHB Vinny Carreno 0-0: Ball
1-0: 2-RUN HOME RUN (Flyball, 9LD, EV 97.5 MPH), Distance : 365 ft
Batting: SHB Ivan Barry 0-0: Called Strike
0-1: Ball
1-1: Called Strike
1-2: Strikes out looking
Top of the 9th over - 2 runs, 2 hits, 0 errors, 0 left on base; Salt Lake 2 - Buffalo 3
Thursday, March 31st , 2022 - OOTP Baseball 22.12 Build 89